 Dungeon Crawl Stone Soup version 0.29.1-12-g30fa7ad0bf (webtiles) character file.

Game seed: 9726129190549279120

50 sanboga the Trooper (level 3, -3/26 HPs)
             Began as an Octopode Berserker on Dec 20, 2022.
             Was a Believer of Trog.
             Slain by Sigmund
             ... wielding a +0 scythe
              (6 damage)
             ... on level 2 of the Dungeon.
             The game lasted 00:01:26 (1712 turns).

sanboga the Trooper (Octopode Berserker)            Turns: 1712, Time: 00:01:27

Health: -3/26      AC:  5    Str: 16    XL:     3   Next: 79%
Magic:  3/3        EV: 14    Int:  9    God:    Trog [**....]
Gold:   69         SH:  0    Dex: 13    Spells: 2/2 levels left

rFire   . . .      SeeInvis .     - Unarmed
rCold   . . .      Faith    .   (no shield)
rNeg    . . .      Spirit   .   (helmet restricted)
rPois   .          Reflect  .   (no amulet)
rElec   .          Harm     .   h - +4 ring of protection
rCorr   .          Rampage  .   (no ring)
Will    .....                   (no ring)
Stlth   +++.......              (no ring)
HPRegen 0.08/turn               (no ring)
MPRegen 0.08/turn               (no ring)
                                (no ring)
                                (no ring)

@: on berserk cooldown, slowed, very slow
A: almost no armour, amphibious, 8 rings, camouflage 1, gelatinous body 1,
(nimble swimmer 1), tentacles
a: Renounce Religion, Berserk, Trog's Hand


You were on level 2 of the Dungeon.
You worshipped Trog.
Trog was pleased with you.
You visited 1 branch of the dungeon, and saw 2 of its levels.

You collected 69 gold pieces.

Inventory:

Jewellery
 h - a +4 ring of protection (left tentacle)
Scrolls
 c - 2 scrolls of magic mapping {unknown}
 e - a scroll of identify {unknown}
Potions
 a - a potion of brilliance {unknown}
 b - 2 potions of magic {unknown}
 d - 2 potions of flight {unknown}
 f - 2 potions of degeneration {unknown}
 g - a potion of haste {unknown}


   Skills:
 + Level 3.4 Fighting
 + Level 3.3 Dodging
 + Level 2.4 Stealth
 + Level 3.4 Unarmed Combat


You had 2 spell levels left.
You didn't know any spells.
Your spell library was empty.

Dungeon Overview and Level Annotations

Branches:
Dungeon (2/15)

Altars:

Shops:
D:1 *

Annotations:
D:2 Sigmund


Innate Abilities, Weirdness & Mutations

You cannot wear most types of armour.
You are amphibious.
You can wear up to eight rings at the same time.
Your skin changes colour to match your surroundings (Stealth+).
Your rubbery body absorbs attacks. (AC +1, EV +1)
((You are camouflaged when in or above water. (Stealth+)))
You have tentacles for arms and can constrict up to eight enemies at once.


Message History

Sigmund gestures wildly while chanting.
Sigmund flickers and vanishes!
Deactivating autopickup; reactivate with Ctrl-A.
There is a strange disturbance nearby!
No target in view!
No target in view!
No target in view!
You tentacle-slap something. Your squeeze misses something.
You closely miss something. You squeeze something!
You hear some strange, mumbled words.
You are confused.
You miss something. Something hits you.
You are too confused!
Something barely misses you.
You hear some strange, mumbled words.
A puff of flame appears from out of thin air!
The puff of flame hits you. Something hits you.
A magic dart appears from out of thin air!
The magic dart hits you.
You hear some strange, mumbled words.
Something tries to affect you, but you resist.
You feel less confused. Something hits you.
Something hits you but does no damage. Something hits you.
A red film seems to cover your vision as you go berserk!
You feel yourself moving faster!
You feel mighty! Something hits you but does no damage.
You feel a strong urge to attack something.
Something hits you.
You feel your anger nearly subside. Something hits you.
* * * LOW HITPOINT WARNING * * *
You are no longer berserk.
You are exhausted.
You feel yourself slow down. Something hits you but does no damage.
Something hits you.
* * * LOW HITPOINT WARNING * * *
You tentacle-slap something. Something hits you.
You die...

##### ....# ....# ....#
########### ....#
#.......... ....#
#......#
.##.###########......+
.....................#
........#######{@....#
###.................)###
........#...............
......######(†.......###
#.#...### ##.#......#
#.#.....#####.#..#.....#
#...........#.#..#.###.#
###..#..###.#.#..#.# .#
#.........#.##.#.#


There were no monsters in sight!

Vanquished Creatures
  A dart slug (D:1)
  3 endoplasms
  A giant cockroach (D:1)
  4 goblins (D:1)
  6 hobgoblins
  3 jackals (D:1)
  3 quokkas
  6 ball pythons
  5 bats (D:1)
  4 frilled lizards
  5 kobolds
  2 rats
43 creatures vanquished.

Notes
Turn   | Place    | Note
-------+----------+-------------------------------------------
     0 | D:1      | sanboga the Octopode Berserker began the quest for the Orb.
     0 | D:1      | Reached XP level 1. HP: 16/16 MP: 1/1
   232 | D:1      | Reached XP level 2. HP: 21/21 MP: 2/2
   239 | D:1      | Reached skill level 1 in Stealth
   342 | D:1      | Found Zeukan's Assorted Antiques.
   407 | D:1      | Found a faded altar of an unknown god.
   476 | D:1      | Reached XP level 3. HP: 7/26 MP: 3/3
  1187 | D:1      | Reached ** piety under Trog
  1692 | D:2      | Noticed Sigmund
  1712 | D:2      | Slain by Sigmund

Illustrated notes

Levels and vault maps discovered:
D:1:      minmay_arrival_loop, layout_basic, shapermc_ecumenical_altar_venn,
          serial_shops, shop_statue, minmay_misc_feat_five
D:2:      layout_basic, basic_altar, uniq_sigmund

Skill      XL: |  1  2  3 |
---------------+----------+-----
Stealth        | 1 2 |  2.4
Fighting       | |  3.4
Dodging        | |  3.3
Unarmed Combat | |  3.4

Action                   || total
-------------------------++-------
Melee: Unarmed           ||    79
       Constrict         ||    21
       Tentacles         ||    10
       Punch             ||     1
Invok: Berserk           ||     1
 Stab: Sleeping          ||    15
Armor: Skin              ||    13
Dodge: Dodged            ||    39
